 Dungeon Crawl Stone Soup version 0.27.1-4-g1640c2035a (webtiles) character file.

Game seed: 14205180398200648228

9 SSird the Shield-Bearer (level 2, 19/19 HPs)
             Began as a Gargoyle Fighter on Nov 14, 2021.
             Quit the game on level 1 of the Dungeon.
             The game lasted 00:01:04 (575 turns).

SSird the Shield-Bearer (Gargoyle Fighter)           Turns: 575, Time: 00:01:04

Health: 19/19      AC: 10    Str: 19    XL:     2   Next: 12%
Magic:  2/2        EV:  7    Int:  8    God:
Gold:   20         SH:  9    Dex:  9    Spells: 1/1 levels left

rFire    . . .     SeeInvis .   a - +0 flail
rCold    . . .     Faith    .   c - +0 kite shield
rNeg     + . .     Spirit   .   b - +0 scale mail
rPois    ∞         Reflect  .   (no helmet)
rElec    +         Harm     .   (no cloak)
rCorr    .         Rampage  .   (no gloves)
Will     .....                  e - +0 pair of boots
Stlth    ..........             (no amulet)
HPRegen  0.06/turn              (no ring)
MPRegen  0.08/turn              (no ring)

@: no status effects
A: sickness immunity, AC +2, negative energy resistance 1, electricity
resistance, torment resistance 1, petrification resistance
a: no special abilities


You were on level 1 of the Dungeon.
You visited 1 branch of the dungeon, and saw 1 of its levels.

You collected 20 gold pieces.

Inventory:

Hand Weapons
 a - a +0 flail (weapon)
Armour
 b - a +0 scale mail (worn)
 c - a +0 kite shield (worn)
 e - a +0 pair of boots (worn)
Magical Staves
 i - a staff of fire
Scrolls
 f - a scroll of noise {unknown}
Potions
 d - a potion of might
 g - a potion of brilliance {unknown}
 h - a potion of heal wounds {unknown}


   Skills:
 + Level 3.5 Fighting
 + Level 2.1 Maces & Flails
 + Level 3.4 Armour
 + Level 3.5 Shields


You had one spell level left.
You didn't know any spells.
Your spell library contained the following spells:

 Spells                   Type           Power      Damage    Failure   Level
 Static Discharge         Conj/Air       0%         N/A       100%        2
 Dazzling Flash           Conj/Hex       0%         N/A       100%        3
 Iskenderun's Mystic Bla  Conj/Tloc      0%         2d3       100%        4
 Lightning Bolt           Conj/Air       0%         1d11      100%        5
 Starburst                Conj/Fire      0%         6d3       100%        6
 Maxwell's Capacitive Co  Air            0%         ∞         100%        8


Dungeon Overview and Level Annotations

Branches:
Dungeon (1/15)

Altars:


Innate Abilities, Weirdness & Mutations

You are immune to sickness and miasma.
Your stone body is resilient. (AC +2)
You are immune to poison.
You resist negative energy. (rN+)
You are resistant to electric shocks. (rElec)
You are resistant to unholy torment.
You are immune to petrification.


Message History

You block the quokka's attack.
You closely miss the quokka.
The quokka twitches its whiskers.
The quokka bites you but does no damage.
You hit the quokka but do no damage. The quokka barely misses you.
The quokka bites you but does no damage.
You hit the quokka.
You kill the quokka!
You have reached level 2!
You see here a quokka corpse.
You see here a quokka corpse.
You open the door.
There is an open door here.
Found a book of Spectacle and a club.
You pick up a book of Spectacle and begin reading...
You add the spells Dazzling Flash, Iskenderun's Mystic Blast and Starburst to your library.
No target in view!
No target in view!
A giant cockroach comes into view.
A giant cockroach is nearby!
You closely miss the giant cockroach. The giant cockroach barely misses you.
You sock the giant cockroach!
You kill the giant cockroach!
No target in view!
No target in view!
Found a knobbly jewelled staff and a cyan potion.
You see here a giant cockroach corpse.
h - a cyan potion No target in view!
You see here a staff of fire.
i - a staff of fire
Okay, then.
Found 4 gold pieces.
You now have 20 gold pieces (gained 4).
Found a runed spear.
There is an open door here.
You open the door.
Done exploring.
Unknown command.
Are you sure you want to abandon this character and quit the game? (Confirm with "yes".)

#.......>.................
####......................
#.###########.#######.#
#.# ####'#### #.# #.#
#.......# #.# #.#
#.......# #.. #.#
#####.......# ####
#.####...#.......###...
#....'@............#...
######...#.........#...
#...#.........#...
#...#.........#...
#...#.........#...
#...###.......#### #####
#.....### #.....# #.....#


There were no monsters in sight!

Vanquished Creatures
  A giant cockroach (D:1)
  A goblin (D:1)
  A quokka (D:1)
  A ball python (D:1)
  2 bats (D:1)
  3 rats (D:1)
9 creatures vanquished.

Notes
Turn   | Place    | Note
-------+----------+-------------------------------------------
     0 | D:1      | SSird the Gargoyle Fighter began the quest for the Orb.
     0 | D:1      | Reached XP level 1. HP: 14/14 MP: 1/1
   344 | D:1      | Reached XP level 2. HP: 15/19 MP: 2/2
   575 | D:1      | Quit the game

Illustrated notes

Levels and vault maps discovered:
D:1:      tarquinn_simple_flora_water_f, layout_basic

Action                   || total
-------------------------++-------
Melee: Flail             ||    31
Armor: Scale mail        ||    13
Dodge: Dodged            ||    11
Block: Kite shield       ||    15
